 Dungeon Crawl Stone Soup version 0.18.1-50-g88ac8fd (webtiles) character file.

638910 spiff the Sensei (level 27, -19/154 HPs)
             Began as a Vine Stalker Transmuter on Sept 28, 2016.
             Was the Champion of Cheibriados.
             Killed by Shatter
             ... invoked by Xer Suj Naho the pandemonium lord
              (24 damage)
             ... on level 5 of the Dungeon on Sept 29, 2016.
             The game lasted 04:37:52 (55423 turns).

spiff the Sensei (Vine Stalker Transmuter)         Turns: 55423, Time: 04:37:52

Health: -19/154    AC: 35    Str: 41    XL:     27
Magic:  0/43       EV: 39    Int: 32    God:    Cheibriados [******]
Gold:   4166       SH:  5    Dex: 31    Spells: 5 memorised, 40 levels left

rFire  + . .     SeeInvis .       - Unarmed
rCold  . . .     Gourm    .     J - +6 storm dragon armour
rNeg   + . .     Faith    .     (no shield)
rPois  +         Spirit   +     g - +1 helmet {Int+3}
rElec  +         Dismiss  .     M - +0 cloak {rPois}
rCorr  .         Reflect  +     r - +2 pair of gloves of Temmasm {rN+ Str+2 Stlth-}
SustAt .         Harm     .     (no boots)
MR     +++..     Clarity  +     P - +5 amulet of reflection
Stlth  ..........               b - ring "Xyurhuhe" {+Fly rF+ EV+5 Str+4 Dex-4}
                                m - +4 ring of protection

@: very slow, extremely resistant to hostile enchantments, extremely unstealthy
A: fangs 3, clarity, regeneration 3, screaming 1, magic shield, antimagic bite,
no device heal 3, rot immunity
a: Bend Time, Temporal Distortion, Slouch, Step From Time, Renounce Religion,
Evoke Flight
0: Orb of Zot
}: 3/15 runes: decaying, abyssal, gossamer


You were on level 5 of the Dungeon.
You worshipped Cheibriados.
Cheibriados was exalted by your worship.
You were not hungry.

You visited 10 branches of the dungeon, and saw 51 of its levels.
You visited the Abyss 2 times.
You visited 1 bazaar.
You also visited: Ice Cave.

You collected 6108 gold pieces.
You spent 1942 gold pieces at shops.

Inventory:

Missiles
 B - 9 throwing nets
 H - 5 javelins of penetration
 O - 11 javelins (quivered)
 V - 2 steel javelins
Armour
 g - a +1 helmet of intelligence (worn)
 r - the +2 pair of gloves of Temmasm (worn) {rN+ Str+2 Stlth-}
   (You acquired it on level 2 of the Vaults)

   It affects your strength (+2).
   It protects you from negative energy.
   It makes you less stealthy.
 J - a +6 storm dragon armour (worn)
 M - a +0 cloak of poison resistance (worn)
Jewellery
 b - the ring "Xyurhuhe" (right hand) {+Fly rF+ EV+5 Str+4 Dex-4}
   (You bought it in a shop in a bazaar)

   [ring of evasion]

   It affects your evasion (+5).
   It affects your strength (+4).
   It affects your dexterity (-4).
   It protects you from fire.
   It lets you fly.
 m - a +4 ring of protection (left hand)
 n - an uncursed ring of positive energy
 y - an uncursed ring of poison resistance
 P - a +5 amulet of reflection (around neck)
 S - an uncursed ring of protection from cold
Wands
 q - a wand of digging (16/24)
 D - a wand of teleportation (4/9)
Scrolls
 f - 15 scrolls of teleportation
 j - 2 scrolls of enchant weapon
 p - a scroll of recharging
 t - 4 scrolls of fear
 v - 15 scrolls of identify
 w - 27 scrolls of remove curse
 x - a scroll of amnesia
 E - 3 scrolls of immolation
 F - 4 scrolls of fog
 K - a scroll of enchant armour
 Q - 5 scrolls of silence
 Y - a scroll of summoning
Potions
 a - 5 potions of ambrosia
 c - 2 potions of magic
 e - 20 potions of curing
 i - 5 potions of might
 k - 10 potions of flight
 l - 9 potions of agility
 u - a potion of cure mutation
 C - 7 potions of brilliance
 N - 3 potions of invisibility
 T - a potion of resistance
 U - 2 potions of cancellation
Miscellaneous
 G - a sack of spiders
 I - a phial of floods
Comestibles
 d - 25 bread rations
 h - 33 meat rations
 Z - 6 royal jellies


   Skills:
 - Level 19.0 Fighting
 - Level 9.0 Throwing
 - Level 16.5 Armour
 - Level 21.4 Dodging
 + Level 23.7 Unarmed Combat
 - Level 15.6 Spellcasting
 - Level 10.0 Transmutations
 - Level 6.2 Invocations


You had 40 spell levels left.
You knew the following spells:

 Your Spells              Type           Power        Failure   Level  Hunger
a - Apportation           Tloc           ###.......   4%          1    None
b - Deflect Missiles      Chrm/Air       ###.......   100%        6    ##.....
e - Blade Hands           Trmt           ######....   1%          5    None
r - Repel Missiles        Chrm/Air       ###...       10%         2    None
t - Regeneration          Chrm/Necr      ###.......   14%         3    None


Dungeon Overview and Level Annotations

Branches:
Dungeon (15/15)            Temple (1/1) D:6            Lair (8/8) D:10
  Swamp (4/4) Lair:6       Spider (4/4) Lair:4        Slime (0/6) Lair:8
    Orc (2/2) D:12            Elf (3/3) Orc:2        Vaults (4/5) D:14
  Crypt (0/3) Vaults:3     Depths (5/5) D:15            Zot (5/5) Depths:5

Altars:
Ashenzari
Cheibriados
Dithmenos
Elyvilon
Fedhas
Gozag
Kikubaaqudgha
Makhleb
Nemelex Xobeh
Okawaru
Pakellas
Qazlal
Sif Muna
Trog
Xom
Yredelemnul
Zin
The Shining One
Beogh

Shops:
D:11 }}[?!   D:12 %   Orc:2 }([=   Elf:2 (   Elf:3 *   Vaults:1 (:(
Depths:1 *   Depths:4 ?

Portals:
Hell: Depths:1 Depths:2 Depths:3 Depths:4 Depths:5
Abyss: Depths:1 Depths:4
Pandemonium: Depths:3
Ziggurat: Depths:1

Annotations:
Elf:2 2 runed doors
Zot:4 exclusion: 2 upstairs


Innate Abilities, Weirdness & Mutations

You have razor-sharp teeth.
You regenerate.
When hurt, damage is shared between your health and your magic reserves.
Your bite disrupts and absorbs the magic of your enemies.
Potions and wands cannot restore your health.
You are immune to rotting.
You possess an exceptional clarity of mind.
You occasionally shout uncontrollably at your foes.


Message History

The dungeon rumbles around Xer Suj Naho!
You shudder from the earth-shattering force.
* * * LOW HITPOINT WARNING * * *
Ka-crash!
Xer Suj Naho gestures.
The dungeon rumbles around Xer Suj Naho!
The hellwing dies!
You shudder from the earth-shattering force.
* * * LOW HITPOINT WARNING * * *
Ka-crash!
The Brimstone Fiend calls on the powers of darkness!
You feel a surge of unholy energy.
Read which item? (? for menu, Esc to quit)
As you read the scroll of holy word, it crumbles to dust.
You speak a Word of immense power!
The Brimstone Fiend convulses!
The Brimstone Fiend is lost in a daze.
Xer Suj Naho gestures.
The dungeon rumbles around Xer Suj Naho!
You shudder from the earth-shattering force.
You die...

###..# ##.##.#.# #.#.###.#.# ###
#E#### ##.##.#.####..## ##.# ####
#..............###.##
...#####..##.........#.#..#
..........####.#####.....# ######
...#####.### #.# ##.....# #.....
#### #.# #.#.# ##.#ยง.# #.####
#E# #.# #.<.#..##.4#####.### ###
#.# #..@1##..4........# #.# #.#
##.##&###&#####.#.# #.# #.# ##
##.#..# #.#.# #.######.#
#...#.#####.#.#
#........#########.#.........#.##
#####..............#.#..######.##
#................#.#######...
##################...........
############


You could see Xer Suj Naho and a Brimstone Fiend (dazed).

Vanquished Creatures
  5 ancient liches (Zot:5)
  3 orbs of fire (Zot:5)
  Tiamat (Zot:5)
  Mara (Swamp:4)
  Norris (Spider:2)
  3 Killer Klowns (Zot:5)
  2 curse toes
  3 caustic shrikes
  2 pandemonium lords
  8 golden dragons
  2 iron giants (Depths:2)
  2 bone dragons (Abyss:1)
  2 electric golems (Zot:5)
  A Brimstone Fiend (Depths:1)
  15 tentacled monstrosities
  An Ice Fiend (IceCv)
  Rupert (Lair:8)
  25 Orb Guardians
  2 liches
  6 acid blobs (Zot:2)
  2 deep elf master archers (Elf:3)
  6 death cobs
  4 deep elf blademasters (Elf:3)
  A tentacled starspawn (Abyss:1)
  Kirke (D:13)
  A sphinx (Vaults:1)
  The ghost of Mungo the Bludgeoner, an adept MiBe of Trog (Swamp:4)
  3 thorn hunters
  12 storm dragons
  6 draconian monks
  5 shadow dragons
  7 tengu reavers
  Donald (Elf:3)
  11 frost giants
  3 draconian knights
  2 iron dragons
  9 deep elf sorcerers
  7 vault wardens
  6 draconian shifters
  2 emperor scorpions
  9 fire giants
  8 draconian zealots
  7 ghost moths
  9 deep elf elementalists
  6 draconian scorchers
  18 ironheart preservers
  The ghost of HUIXAX the Bludgeoner, a journeyman MiBe of Trog (Spider:1)
  A ghoul (Vaults:3)
  2 spriggan defenders (Depths:3)
  4 draconian callers (Zot:2)
  10 draconian annihilators
  6 deep elf demonologists
  5 green draconians
  15 stone giants
  11 very ugly things
  2 salamander stormcallers
  11 spark wasps
  11 mottled draconians
  10 black draconians
  14 purple draconians
  4 vampire knights
  18 yellow draconians
  14 white draconians
  13 deep elf annihilators
  15 red draconians
  2 lorocyprocas
  13 ettins
  9 deep elf death magi
  A crystal guardian (Vaults:3)
  2 jiangshi (Depths:3)
  23 fire dragons
  5 vault guards
  6 deep elf high priests (Elf:3)
  14 yaktaur captains
  12 ogre magi
  8 rakshasas
  25 hydras
  23 ice dragons
  13 entropy weavers
  8 great orbs of eyes
  2 hell beasts
  5 spriggan air magi
  A monstrous demonspawn (Depths:3)
  A queen ant (Spider:2)
  2 catoblepae
  A catoblepas (shapeshifter) (Depths:4)
  5 death knights
  4 ghost crabs
  14 centaur warriors
  7 alligators
  14 deep troll shamans
  12 deep troll earth magi
  14 dancing weapons
  2 vampire magi
  Urug (D:13)
  9 death yaks
  8 tengu warriors
  5 orc high priests (Orc:2)
  21 deep elf knights
  2 soul eaters
  8 spriggan berserkers
  A shock serpent (shapeshifter) (Depths:2)
  3 wretched stars (Abyss:2)
  2 sun demons
  6 hell knights
  5 spriggans
  3 shadow wraiths
  7 iron trolls
  A fire crab (Vaults:4)
  11 skeletal warriors
  10 spatial maelstroms
  3 flayed ghosts
  An unseen horror (shapeshifter) (Elf:1)
  9 wizards
  An orange crystal statue (Elf:3)
  30 deep trolls
  A spriggan druid (Swamp:4)
  12 swamp dragons
  12 hill giants
  19 deep elf archers
  7 unseen horrors
  A putrid demonspawn (Depths:3)
  An obsidian statue (Depths:1)
  3 shambling mangroves
  2 giant orange brains
  12 ironbrand convokers
  A shadow demon (Depths:1)
  21 orc knights
  4 necromancers
  4 oklob plants (Zot:2)
  A lindwurm (shapeshifter) (D:15)
  11 hornets
  18 orb spiders
  8 orc sorcerers
  7 griffons
  68 deep elf magi
  39 wolf spiders
  A sixfirhy (Abyss:1)
  30 ugly things
  17 elephants
  2 manticores (D:15)
  A hornet (shapeshifter) (Elf:2)
  4 salamanders (Vaults:3)
  5 cyclopes
  13 moths of wrath
  4 large abominations
  3 rust devils
  3 ice statues (IceCv)
  12 black mambas
  An apocalypse crab (Abyss:2)
  2 torpor snails
  A torpor snail (shapeshifter) (Vaults:2)
  A black mamba (shapeshifter) (Vaults:1)
  2 orange demons (Depths:1)
  18 spiny frogs
  11 vault sentinels
  2 spiny frogs (shapeshifter)
  5 spectral swamp worms (Depths:4)
  A gargoyle (D:12)
  5 smoke demons
  8 freezing wraiths
  3 efreet
  2 anaconda simulacra (IceCv)
  4 rime drakes
  5 hellwings
  60 yaktaurs
  16 demonic crawlers
  16 ice devils
  A red devil (Abyss:2)
  The ghost of spiff the Skirmisher, a novice VSTm (D:3)
  3 ancient zymes (Abyss:2)
  8 komodo dragons
  A harpy zombie (D:14)
  A queen bee (D:11)
  10 trolls
  3 polar bears (Lair:8)
  5 tengu conjurers
  5 giant leeches
  2 jumping spiders (shapeshifter)
  41 jumping spiders
  A wind drake (shapeshifter) (D:15)
  16 two-headed ogres
  33 blink frogs
  A raiju (Abyss:2)
  42 slime creatures
  A hornet zombie (D:14)
  3 boulder beetles
  7 bog bodies
  8 starcursed masses (Abyss:2)
  A redback (shapeshifter) (Depths:2)
  3 wraiths
  78 redbacks
  39 tarantellas
  Eustachio (D:6)
  3 ynoxinuls
  44 yaks
  4 vampires
  5 air elementals
  2 dire elephant simulacra (IceCv)
  A yak (shapeshifter) (Vaults:4)
  3 shadows
  2 fire elementals
  6 basilisks
  5 water elementals
  4 fire bats (Abyss:2)
  13 hippogriffs
  5 hogs (D:13)
  A chaos spawn (Zot:5)
  A wyvern (Lair:2)
  A hippogriff (shapeshifter) (D:15)
  A hungry ghost (D:9)
  17 vampire mosquitoes
  A neqoxec (Depths:3)
  18 swamp worms
  A mottled dragon (shapeshifter) (Depths:3)
  A steam dragon (Lair:6)
  17 insubstantial wisps
  3 mottled dragons
  28 spatial vortices
  6 wargs
  3 hydra simulacra (IceCv)
  5 soldier ants (Spider:2)
  A soldier ant (shapeshifter) (Vaults:2)
  A harpy simulacrum (IceCv)
  A naga (shapeshifter) (Vaults:3)
  An iron troll simulacrum (IceCv)
  2 swamp worms (shapeshifter)
  24 water moccasins
  16 porcupines
  A giant eyeball (Depths:3)
  A giant eyeball (shapeshifter) (Depths:2)
  12 swamp drakes
  5 sky beasts
  6 ice beasts
  52 orc warriors
  10 wasps
  3 black bears
  3 eyes of draining
  A phantom (D:8)
  10 boggarts
  An ettin simulacrum (IceCv)
  An eye of draining (shapeshifter) (D:15)
  41 ogres
  17 wolves
  17 centaurs
  16 crocodiles
  2 big kobolds
  4 elf zombies (Elf:1)
  21 giant frogs
  A giant frog (shapeshifter) (Depths:3)
  A gnoll sergeant (D:9)
  2 earth elementals
  7 scorpions
  2 wyvern skeletons
  16 killer bees (D:11)
  A howler monkey (D:10)
  5 wights (D:8)
  2 electric eels
  11 crimson imps
  2 centaur zombies
  A human simulacrum (Vaults:2)
  3 quasits
  3 giant frog zombies
  6 hounds
  2 giant frog skeletons (D:8)
  37 orc priests
  22 jellies
  8 centaur skeletons
  11 iguanas
  5 iron imps
  Jessica (D:3)
  23 orc wizards
  A human skeleton (D:2)
  12 worker ants
  6 small abominations
  4 sheep (Orc:1)
  2 hound skeletons
  A worker ant zombie (D:8)
  Robin (D:3)
  10 gnolls
  18 adders
  79 river rats
  7 shadow imps
  3 white imps
  An ooze (D:4)
  An adder skeleton (D:8)
  2 worms (D:3)
  2 dart slugs
  5 giant geckos
  114 orcs
  5 giant cockroaches
  17 goblins
  8 hobgoblins
  7 jackals
  11 kobolds
  3 quokkas
  A ball python (D:4)
  10 bats
  7 giant newts
  3 jackal zombies
  2 quokka skeletons
  4 rats
  A briar patch (Swamp:4)
  2 crawling corpses (Elf:3)
  A fungus (Lair:8)
  A plant (D:10)
2615 creatures vanquished.

Vanquished Creatures (others)
  An Orb Guardian (Zot:5)
  A ghost moth (Zot:5)
  A draconian knight (Zot:5)
  A deep elf demonologist (Elf:3)
  A yaktaur captain (Vaults:3)
  A deep elf knight (Elf:3)
  2 deep elf archers
  An orc knight (Vaults:3)
  2 deep elf magi
  A hellwing (D:5)
  A yaktaur (Vaults:3)
  A troll (D:15)
  A redback (Spider:3)
  A fire elemental (Elf:2)
  A neqoxec (D:5)
  A giant frog (D:13)
  3 jellies (Zot:2)
  A fire vortex (Vaults:2)
  17 fungi
  12 plants
  2 starspawn tentacles (Abyss:1)
  4 starspawn tentacle segments (Abyss:1)
57 creatures vanquished.

Grand Total: 2672 creatures vanquished

Notes
Turn   | Place    | Note
--------------------------------------------------------------
     0 | D:1      | spiff the Vine Stalker Transmuter began the quest for the Orb.
     0 | D:1      | Reached XP level 1. HP: 9/9 MP: 4/4
   308 | D:1      | Reached XP level 2. HP: 14/14 MP: 4/6
   963 | D:2      | Found a sparkling altar of Nemelex Xobeh.
  1098 | D:2      | Found a faded altar to an unknown god.
  1177 | D:2      | Noticed a human
  1178 | D:2      | Found a runed door.
  1191 | D:2      | Reached skill level 4 in Unarmed Combat
  1435 | D:3      | Noticed Robin
  1531 | D:3      | Found a shimmering altar of Xom.
  1538 | D:3      | Reached XP level 3. HP: 17/17 MP: 4/7
  1543 | D:3      | Learned a level 3 spell: Spider Form
  1551 | D:3      | Found a blossoming altar of Fedhas.
  1558 | D:3      | Found a burning altar of Makhleb.
  1838 | D:3      | Reached XP level 4. HP: 21/21 MP: 6/8
  1854 | D:3      | Noticed Jessica
  1863 | D:3      | Killed Jessica
  1863 | D:3      | Reached skill level 5 in Unarmed Combat
  1874 | D:3      | Noticed spiff's ghost (novice VSTm)
  1888 | D:3      | Found an oddly glowing altar of Pakellas.
  1892 | D:3      | Found an iron altar of Okawaru.
  1993 | D:3      | Reached XP level 5. HP: 21/25 MP: 2/9
  2136 | D:3      | Killed Robin
  2550 | D:4      | Found a shattered altar of Ashenzari.
  2946 | D:4      | Noticed an ogre
  2954 | D:4      | Killed an ogre
  2954 | D:4      | Gained mutation: You heal very quickly. [Vine Stalker growth]
  2954 | D:4      | Reached XP level 6. HP: 29/29 MP: 5/10
  3073 | D:5      | Entered Level 5 of the Dungeon
  3498 | D:5      | Found a stormy altar of Qazlal.
  3500 | D:5      | Noticed a fire elemental
  3501 | D:5      | Noticed a water elemental
  3501 | D:5      | Noticed an air elemental
  3817 | D:5      | Found a shadowy altar of Dithmenos.
  3817 | D:5      | Found a glowing golden altar of the Shining One.
  4134 | D:2      | Reached skill level 5 in Transmutations
  4172 | D:2      | Found a basalt altar of Yredelemnul.
  4359 | D:3      | Killed spiff's ghost
  4359 | D:3      | Reached XP level 7. HP: 22/32 MP: 4/11
  4634 | D:6      | Found a white marble altar of Elyvilon.
  4990 | D:6      | Gained mutation: You have razor-sharp teeth. [Vine Stalker growth]
  4990 | D:6      | Reached XP level 8. HP: 37/37 MP: 12/12
  5047 | D:6      | Reached skill level 1 in Fighting
  5215 | D:6      | Found a staircase to the Ecumenical Temple.
  5235 | Temple   | Entered the Ecumenical Temple
  5243 | Temple   | Became a worshipper of Cheibriados the Contemplative
  5353 | D:6      | Noticed Eustachio
  5370 | D:6      | Killed Eustachio
  5370 | D:6      | Reached skill level 5 in Fighting
  5865 | D:7      | Learned a level 5 spell: Blade Hands
  5896 | D:7      | Reached XP level 9. HP: 47/47 MP: 11/13
  6214 | D:7      | Reached * piety under Cheibriados
  7056 | D:8      | Reached ** piety under Cheibriados
  7310 | D:8      | Reached skill level 10 in Transmutations
  7530 | D:8      | Reached XP level 10. HP: 47/52 MP: 8/14
  7536 | D:8      | Reached skill level 5 in Dodging
  8121 | D:9      | Reached *** piety under Cheibriados
  8269 | D:9      | Reached skill level 1 in Armour
  8547 | D:10     | Entered Level 10 of the Dungeon
  8613 | D:10     | Found a staircase to the Lair.
  8757 | D:10     | Reached **** piety under Cheibriados
  9058 | D:10     | Noticed a red ugly thing
  9061 | D:10     | Killed a red ugly thing
  9061 | D:10     | Reached skill level 5 in Armour
  9345 | D:10     | Reached XP level 11. HP: 23/56 MP: 9/15
  9349 | D:10     | Killed an unseen horror
  9675 | D:11     | Found Jyth's Gadget Emporium.
  9742 | D:11     | Found Ufomuc's Distillery.
  9763 | D:11     | Found Rigag's Magic Scroll Boutique.
  9852 | D:11     | Reached ***** piety under Cheibriados
  9871 | D:11     | Reached skill level 5 in Spellcasting
  9978 | D:11     | Found Jidis's Armour Shop.
 10220 | D:11     | Found Bozel's Gadget Boutique.
 10438 | D:10     | Reached skill level 6 in Unarmed Combat
 10453 | Lair:1   | Entered Level 1 of the Lair of Beasts
 10974 | Lair:1   | Reached ****** piety under Cheibriados
 11670 | Lair:2   | Gained mutation: You regenerate. [Vine Stalker growth]
 11670 | Lair:2   | Reached XP level 12. HP: 60/60 MP: 19/25
 12287 | Lair:2   | Reached skill level 10 in Spellcasting
 12293 | Lair:2   | Learned a level 2 spell: Repel Missiles
 13192 | Lair:4   | Noticed a death yak
 13198 | Lair:4   | Killed a death yak
 13307 | Lair:4   | Found a shimmering altar of Xom.
 13339 | Lair:4   | Noticed a death yak
 13342 | Lair:4   | Noticed a death yak
 13348 | Lair:4   | Killed a death yak
 13352 | Lair:4   | Killed a death yak
 13352 | Lair:4   | Reached XP level 13. HP: 18/72 MP: 17/28
 13361 | Lair:4   | Reached skill level 10 in Fighting
 13523 | Lair:4   | Found a hole to the Spider Nest.
 14125 | Lair:5   | Reached skill level 7 in Unarmed Combat
 14399 | Lair:5   | Reached skill level 8 in Unarmed Combat
 14642 | Lair:5   | Reached skill level 9 in Unarmed Combat
 14988 | Lair:6   | Reached skill level 10 in Unarmed Combat
 15321 | Lair:6   | Found a staircase to the Swamp.
 15550 | Lair:6   | Reached XP level 14. HP: 36/77 MP: 13/29
 16468 | Lair:8   | Entered Level 8 of the Lair of Beasts
 16784 | Lair:8   | Noticed Rupert
 16795 | Lair:8   | Killed Rupert
 16875 | Lair:8   | Found a staircase to the Slime Pits.
 16910 | Lair:8   | Reached skill level 10 in Dodging
 17561 | Lair:8   | Reached XP level 15. HP: 81/81 MP: 30/30
 18036 | D:12     | Found a staircase to the Orcish Mines.
 18036 | D:12     | Found Xaheiff's Food Boutique.
 18501 | Orc:1    | Entered Level 1 of the Orcish Mines
 18759 | Orc:2    | Entered Level 2 of the Orcish Mines
 18795 | Orc:2    | Found a roughly hewn altar of Beogh.
 18930 | Orc:2    | Found a roughly hewn altar of Beogh.
 19202 | Orc:2    | Found a staircase to the Elven Halls.
 20124 | Orc:2    | Found Harysigg's Gadget Shoppe.
 20124 | Orc:2    | Found Nimareg's Weapon Shoppe.
 20125 | Orc:2    | Found Ypoa's Antique Armour Emporium.
 20125 | Orc:2    | Found Juner Ypuliz's Jewellery Shoppe.
 20136 | Orc:2    | Bought a +4 amulet of reflection for 325 gold pieces
 20136 | Orc:2    | Bought a +3 ring of evasion for 273 gold pieces
 20144 | Orc:2    | Bought an ancient ring mail for 270 gold pieces
 20154 | Orc:2    | Identified the +1 ring mail of Bitterness {rC+ rN+} (You bought it in a shop on level 2 of the Orcish Mines)
 20874 | D:13     | Found a flickering gateway to a bazaar.
 20885 | Bazaar   | Entered a bazaar
 20885 | Bazaar   | Found Mino's Antique Armour Emporium.
 20892 | Bazaar   | Found Mipres's Distillery.
 20893 | Bazaar   | Found Suskiphe's General Store.
 20911 | Bazaar   | Found Firrow's Antique Weapon Emporium.
 20925 | Bazaar   | Found Foutok's Jewellery Boutique.
 21058 | Bazaar   | Bought the ring "Xyurhuhe" {+Fly rF+ EV+5 Str+4 Dex-4} for 711 gold pieces
 21071 | Bazaar   | Bought a shiny helmet for 103 gold pieces
 21334 | D:13     | Noticed Urug
 21339 | D:13     | Killed Urug
 21386 | D:13     | Noticed Kirke
 21395 | D:13     | Killed Kirke
 21835 | D:14     | Reached XP level 16. HP: 93/93 MP: 31/31
 22097 | D:14     | Found a gate to the Vaults.
 22251 | D:14     | Reached skill level 11 in Unarmed Combat
 22340 | D:15     | Entered Level 15 of the Dungeon
 22354 | D:15     | Found a blossoming altar of Fedhas.
 22796 | D:15     | Reached skill level 12 in Unarmed Combat
 22971 | D:15     | Found a staircase to the Depths.
 23312 | Swamp:1  | Entered Level 1 of the Swamp
 23320 | Swamp:1  | Found a frozen archway.
 23333 | IceCv    | Entered an ice cave
 23586 | IceCv    | Reached skill level 13 in Unarmed Combat
 23769 | IceCv    | Noticed an Ice Fiend
 23774 | IceCv    | Killed an Ice Fiend
 23978 | IceCv    | Got an ichor-stained scale mail
 23989 | IceCv    | Identified the +3 scale mail "Ibetu" {Str+6} (You found it in an ice cave)
 24609 | Swamp:1  | Reached skill level 14 in Unarmed Combat
 24909 | Swamp:2  | Noticed a thorn hunter
 24915 | Swamp:2  | Killed a thorn hunter
 25028 | Swamp:2  | Reached XP level 17. HP: 92/98 MP: 32/32
 26433 | Swamp:4  | Entered Level 4 of the Swamp
 26677 | Swamp:4  | Noticed Mungo's ghost (adept MiBe)
 27167 | Elf:1    | Entered Level 1 of the Elven Halls
 27485 | Elf:1    | Found a deep blue altar of Sif Muna.
 27493 | Elf:1    | Reached skill level 10 in Armour
 28026 | Elf:1    | Identified the Disquisition on Dark Secrets
 28084 | Elf:2    | Noticed a Brimstone Fiend
 28186 | Elf:2    | Noticed a Tzitzimitl
 28225 | Elf:2    | Noticed a Hell Sentinel
 28298 | Elf:2    | Found a magical portal.
 28335 | Elf:2    | Reached XP level 18. HP: 92/102 MP: 32/34
 28365 | Elf:2    | Found Ovuotoxe's Antique Weapon Boutique.
 28531 | Elf:2    | Found a runed door.
 28551 | Elf:2    | Found a runed door.
 28999 | Orc:2    | Bought an uncursed ring of poison resistance for 260 gold pieces
 29559 | Swamp:4  | Killed Mungo's ghost
 29628 | Swamp:4  | Noticed Mara
 29636 | Swamp:4  | Killed Mara
 30004 | Swamp:4  | Got a decaying rune of Zot
 30352 | Vaults:1 | Entered Level 1 of the Vaults
 30366 | Vaults:1 | Found Jut Uxag's Book Emporium.
 30786 | Vaults:1 | Found Wukeusou's Weapon Emporium.
 30921 | Vaults:1 | Reached XP level 19. HP: 107/107 MP: 35/35
 31243 | Vaults:1 | Reached skill level 15 in Armour
 31553 | Vaults:1 | Found Sishrob's Weapon Shop.
 32374 | Vaults:2 | Identified a scroll of acquirement
 32375 | Vaults:2 | Got a pair of shimmering gloves
 32386 | Vaults:2 | Identified the +2 pair of gloves of Temmasm {rN+ Str+2 Stlth-} (You acquired it on level 2 of the Vaults)
 32732 | Vaults:2 | Reached XP level 20. HP: 110/112 MP: 33/37
 33859 | Vaults:3 | Reached skill level 15 in Spellcasting
 33878 | Vaults:3 | Found a staircase to the Crypt.
 34679 | Vaults:4 | Reached skill level 15 in Unarmed Combat
 34726 | Vaults:4 | Reached XP level 21. HP: 108/116 MP: 37/41
 35058 | Vaults:4 | Reached skill level 16 in Unarmed Combat
 35273 | Vaults:4 | Reached skill level 1 in Invocations
 35979 | Spider:1 | Entered Level 1 of the Spider Nest
 36099 | Spider:1 | Reached skill level 1 in Throwing
 36594 | Spider:1 | Noticed HUIXAX's ghost (journeyman MiBe)
 36600 | Spider:1 | Killed HUIXAX's ghost
 36834 | Spider:1 | Reached skill level 5 in Invocations
 37342 | Spider:2 | Noticed Norris
 37348 | Spider:2 | Killed Norris
 37488 | Spider:2 | Reached skill level 5 in Throwing
 38377 | Spider:4 | Entered Level 4 of the Spider Nest
 38552 | Spider:4 | Reached XP level 22. HP: 117/121 MP: 42/42
 38760 | Spider:4 | Got a steaming scale mail
 38773 | Spider:4 | Identified the +3 scale mail of the Shining Light {*Contam Dex+5} (You found it on level 4 of the Spider Nest)
 38811 | Spider:4 | Gained mutation: You occasionally shout uncontrollably at your foes. [mutagenic glow]
 39342 | Spider:4 | Got a gossamer rune of Zot
 39533 | Lair:2   | Learned a level 1 spell: Apportation
 39537 | Lair:2   | Learned a level 3 spell: Regeneration
 39597 | D:10     | Reached skill level 15 in Fighting
 39823 | Elf:3    | Entered Level 3 of the Elven Halls
 39968 | Elf:3    | Got a twisted ring mail
 39976 | Elf:3    | Identified the +1 ring mail of the Engineer {rC+ rN++ SInv Stlth-} (You found it on level 3 of the Elven Halls)
 40042 | Elf:3    | Noticed Donald
 40048 | Elf:3    | Killed Donald
 40527 | Elf:3    | Found Benwioth's General Store.
 41184 | Elf:3    | Cast into level 2 of the Abyss (deep elf high priest)
 41184 | Abyss:2  | Found a corrupted altar of Lugonu.
 41334 | Abyss:2  | Paralysed by you for 6 turns
 41472 | Elf:3    | Escaped the Abyss
 42024 | Elf:3    | Reached XP level 23. HP: 131/131 MP: 43/43
 42972 | Depths:1 | Entered Level 1 of the Depths
 43050 | Depths:1 | Found a one-way gate to the infinite horrors of the Abyss.
 43235 | Depths:1 | Found a gateway to a ziggurat.
 43519 | Depths:1 | Found Qookk's Elemental Accessories.
 43692 | Depths:1 | Found a gateway to Hell.
 44420 | Depths:2 | Found a bloodstained altar of Trog.
 44420 | Depths:2 | Found an opulent altar of Gozag.
 44421 | Depths:2 | Found a white marble altar of Elyvilon.
 44865 | Depths:2 | Noticed a caustic shrike
 44867 | Depths:2 | Reached XP level 24. HP: 140/140 MP: 43/43
 44871 | Depths:2 | Killed a caustic shrike
 45792 | Depths:3 | Reached skill level 15 in Dodging
 46431 | Depths:3 | Found a one-way gate leading to the halls of Pandemonium.
 47084 | Depths:4 | Found Kubemiz's Magic Scroll Boutique.
 47102 | Depths:4 | Reached XP level 25. HP: 120/144 MP: 32/43
 47321 | Depths:4 | Learned a level 6 spell: Deflect Missiles
 47736 | Depths:4 | Identified Buhuuc's Compendium of the Birds
 48259 | Depths:5 | Entered Level 5 of the Depths
 48491 | Depths:5 | Found a gate to the Realm of Zot.
 49317 | Depths:4 | Voluntarily entered the Abyss.
 49358 | Abyss:1  | Found a sparkling altar of Nemelex Xobeh.
 49376 | Abyss:2  | Found a corrupted altar of Lugonu.
 49421 | Abyss:2  | Found a corrupted altar of Lugonu.
 49633 | Abyss:3  | Found a corrupted altar of Lugonu.
 49667 | Abyss:3  | Got an abyssal rune of Zot
 49676 | Depths:4 | Escaped the Abyss
 49748 | Zot:1    | Entered Level 1 of the Realm of Zot
 49852 | Zot:1    | Reached XP level 26. HP: 150/150 MP: 43/43
 52910 | Zot:3    | Reached XP level 27. HP: 141/154 MP: 0/43
 52944 | Zot:3    | Reached skill level 17 in Unarmed Combat
 53261 | Zot:5    | Entered Level 5 of the Realm of Zot
 53359 | Zot:5    | Reached skill level 18 in Unarmed Combat
 53391 | Zot:5    | Noticed an ancient lich
 53527 | Zot:5    | Killed an ancient lich
 53534 | Zot:5    | Noticed an ancient lich
 53557 | Zot:5    | Killed an ancient lich
 53568 | Zot:4    | Reached skill level 19 in Unarmed Combat
 53628 | Zot:5    | Noticed an ancient lich
 53634 | Zot:5    | Killed an ancient lich
 53832 | Zot:5    | Noticed an ancient lich
 53840 | Zot:5    | Killed an ancient lich
 53947 | Zot:5    | Reached skill level 20 in Unarmed Combat
 53970 | Zot:5    | Noticed an orb of fire
 53977 | Zot:5    | Killed an orb of fire
 54076 | Zot:5    | Noticed an ancient lich
 54080 | Zot:5    | Noticed an orb of fire
 54086 | Zot:5    | Killed an ancient lich
 54093 | Zot:5    | Killed an orb of fire
 54104 | Zot:5    | Reached skill level 21 in Unarmed Combat
 54139 | Zot:5    | Noticed an orb of fire
 54155 | Zot:5    | Gained mutation: You possess an exceptional clarity of mind. [an orb of fire]
 54288 | Zot:5    | Killed an orb of fire
 54377 | Zot:5    | Reached skill level 22 in Unarmed Combat
 54454 | Zot:5    | Noticed Tiamat
 54462 | Zot:5    | Killed Tiamat
 54558 | Zot:5    | Reached skill level 23 in Unarmed Combat
 54565 | Zot:5    | Noticed an orb of fire
 54653 | Zot:5    | Got the Orb of Zot
 54654 | Zot:5    | Noticed a seraph
 55143 | D:15     | Noticed Zoixkuehucs the pandemonium lord
 55155 | D:15     | Killed Zoixkuehucs the pandemonium lord
 55306 | D:7      | Noticed Zug Nea the pandemonium lord
 55319 | D:7      | Killed Zug Nea the pandemonium lord
 55414 | D:5      | Noticed Xer Suj Naho the pandemonium lord
 55422 | D:5      | HP: 4/154 [Xer Suj Naho the pandemonium lord/Shatter (38)]
 55423 | D:5      | Killed from afar by Xer Suj Naho the pandemonium lord

Skill      XL: |  1  2  3  4  5  6  7  8  9 10 11 12 13 14 15 16 17 18 19 20 21 22 23 24 25 26 27 |
---------------+----------------------------------------------------------------------------------+-----
Unarmed Combat | 4 5 6 10 14 15 16 23 | 23.7
Transmutations | 4 6 7 10 | 10.0
Fighting       | 5 9 10 14 17 19 | 19.0
Dodging        | 2 4 6 7 11 13 16 19 21 | 21.4
Armour         | 6 7 11 14 16 | 16.5
Spellcasting   | 8 10 11 12 15 | 15.6
Invocations    | 6 |  6.2
Throwing       | 8 9 |  9.0

Action                   |  1- 3 |  4- 6 |  7- 9 | 10-12 | 13-15 | 16-18 | 19-21 | 22-24 | 25-27 || total
-------------------------+-------+-------+-------+-------+-------+-------+-------+-------+-------++-------
Melee: Unarmed           |    94 |   184 |   281 |   421 |   690 |   738 |   861 |   808 |   970 ||  5047
       Bite              |    17 |    18 |    28 |   161 |   284 |   288 |   279 |   315 |   474 ||  1864
       Headbutt          |     4 |     1 |       |       |     1 |       |       |       |       ||     6
       Kick              |     5 |     1 |       |     1 |       |       |       |       |       ||     7
       Punch             |     1 |     2 |     5 |    20 |    45 |    74 |    74 |   104 |   146 ||   471
Throw: Tomahawk          |       |       |       |       |       |       |    49 |    11 |       ||    60
 Cast: Beastly Appendage |    10 |     5 |     1 |     1 |     2 |       |       |       |       ||    19
       Spider Form       |     1 |    17 |    28 |       |       |       |       |       |       ||    46
       Blade Hands       |       |       |    11 |    78 |   112 |   121 |   112 |   115 |   113 ||   662
       Repel Missiles    |       |       |       |     1 |     2 |     9 |     5 |    11 |     1 ||    29
       Regeneration      |       |       |       |       |       |       |       |     2 |     2 ||     4
Invok: Slouch            |       |       |       |       |     1 |       |     2 |     9 |     6 ||    18
       Temporal Distorti |       |       |       |       |       |       |       |     2 |       ||     2
       Bend Time         |       |       |       |       |       |       |       |       |     2 ||     2
       Step From Time    |       |       |       |       |       |       |       |       |     1 ||     1
 Abil: End Transformatio |       |       |       |       |       |       |     8 |     4 |     1 ||    13
Evoke: Wand              |       |       |     1 |       |     2 |     1 |     1 |       |     4 ||     9
  Use: Scroll            |     5 |     3 |     8 |    10 |     6 |    14 |     7 |     9 |    20 ||    82
       Potion            |       |       |       |       |     1 |     4 |     1 |     1 |     2 ||     9
 Stab: Sleeping          |     3 |       |     4 |     6 |     3 |     1 |       |       |       ||    17
       Distracted        |       |       |     1 |       |     3 |       |       |       |     1 ||     5
       Invisible         |       |       |       |       |       |       |     3 |       |       ||     3
  Eat: Chunk             |     4 |    11 |    17 |    28 |    29 |    14 |    13 |     9 |    11 ||   136
       Beef jerky        |       |       |       |     2 |       |     1 |     1 |     1 |       ||     5
       Meat ration       |       |       |       |       |       |     2 |       |       |       ||     2
       Fruit             |       |       |       |       |       |       |     1 |     5 |       ||     6
       Pizza             |       |       |       |       |       |       |       |     2 |       ||     2
       Bread ration      |       |       |       |       |       |       |       |       |     2 ||     2
Armor: Robe              |    20 |    28 |    33 |     6 |       |       |       |       |       ||    87
       Skin              |     1 |    20 |    15 |       |       |     6 |       |       |       ||    42
       Ring mail         |       |       |       |   130 |   165 |    14 |       |       |       ||   309
       Scale mail        |       |       |       |       |       |   148 |   127 |   165 |       ||   440
       Storm dragon armo |       |       |       |       |       |       |       |    63 |   271 ||   334
Dodge: Dodged            |    81 |   128 |   182 |   342 |   677 |   921 |   978 |  1013 |  1259 ||  5581
       Deflected         |       |       |       |       |     7 |    32 |    33 |    42 |    13 ||   127
Block: Other             |       |       |       |       |    16 |   146 |   192 |   226 |   199 ||   779
       Reflection        |       |       |       |       |     1 |    22 |    13 |    35 |    11 ||    82
